 Dungeon Crawl Stone Soup version 0.20.1-1-g8b1a95d (webtiles) character file.

9233 zenkai the Cleaver (level 11, -9/95 HPs)
             Began as a Minotaur Monk on July 26, 2017.
             Was a High Priest of Qazlal.
             Mangled by Snorg (14 damage)
             ... on level 10 of the Dungeon.
             The game lasted 00:54:13 (8394 turns).

zenkai the Cleaver (Minotaur Monk)                  Turns: 8394, Time: 00:54:13

Health: -9/95      AC: 10    Str: 19    XL:     11   Next: 20%
Magic:  10/10      EV: 16    Int:  7    God:    Qazlal [*****.]
Gold:   674        SH: 17    Dex: 13    Spells: 10/10 levels left

rFire    + . .     SeeInvis .   Y - +0 war axe
rCold    + . .     Gourm    .   i - +0 shield
rNeg     . . .     Faith    .   e - +0 robe {rC+ rF+}
rPois    .         Spirit   .   (helmet restricted)
rElec    .         Reflect  .   y - +2 cloak
rCorr    +         Harm     .   (no gloves)
MR       .....                  V - +0 pair of boots
Stlth    +.........             (no amulet)
Regen    0.3/turn               Q - +4 ring of protection
MPRegen  0.2/turn               q - ring of resist corrosion

@: repel missiles
A: retaliatory headbutt, horns 2
a: Upheaval, Elemental Force, Disaster Area, Renounce Religion


You were on level 10 of the Dungeon.
You worshipped Qazlal.
Qazlal was extremely pleased with you.
You were not hungry.

You visited 2 branches of the dungeon, and saw 11 of its levels.

You collected 674 gold pieces.

Inventory:

Hand Weapons
 a - a +0 hand axe
 b - a cursed +0 shortbow
 M - a +0 hunting sling
 Y - a +0 war axe (weapon)
 Z - a +0 blowgun
Missiles
 o - 15 poisoned needles
 p - 295 stones (quivered)
 O - 174 arrows
 T - 3 curare-tipped needles
Armour
 e - a +0 robe of resistance (worn)
 i - a +0 shield (worn)
 y - a +2 cloak (worn)
 V - a +0 pair of boots (worn)
Jewellery
 q - a ring of resist corrosion (right hand)
 B - an uncursed ring of ice {unknown}
 Q - a +4 ring of protection (left hand)
 W - an uncursed amulet of rage
Wands
 I - a wand of paralysis (22/24)
 J - a wand of iceblast (5/15)
 N - a wand of paralysis (14/24)
Scrolls
 d - 5 scrolls of teleportation
 g - 2 scrolls of recharging
 l - 3 scrolls of remove curse
 s - a scroll of amnesia
 u - a scroll of noise {unknown}
 A - a scroll of immolation
 C - a scroll of holy word {unknown}
 L - 3 scrolls of fog {unknown}
 R - a scroll of fear {unknown}
 S - a scroll of magic mapping
 X - a scroll of summoning {unknown}
Potions
 f - 2 potions of ambrosia
 h - 2 potions of invisibility {unknown}
 j - 5 potions of brilliance
 n - a potion of haste
 r - 2 potions of heal wounds
 t - a potion of lignification
 v - a potion of might {unknown}
 w - 2 potions of mutation {unknown}
 x - a potion of berserk rage {unknown}
 z - 2 potions of magic {unknown}
 F - a potion of agility {unknown}
 H - 4 potions of curing {unknown}
 K - a potion of degeneration {unknown}
 P - 3 potions of flight {unknown}
 U - a potion of cancellation {unknown}
Comestibles
 c - 9 bread rations
 k - 8 meat rations
 E - 6 royal jellies
 G - 12 fruits


   Skills:
 + Level 8.9 Fighting
 + Level 13.2 Axes
 + Level 1.3 Throwing
 + Level 9.1 Dodging
 + Level 4.0 Stealth
 + Level 9.4 Shields


You had 10 spell levels left.
You didn't know any spells.

Dungeon Overview and Level Annotations

Branches:
Dungeon (10/15)            Temple (1/1) D:4
   Lair: D:8-11         Orc: D:9-12

Altars:
Ashenzari
Fedhas
Gozag
Hepliaklqana
Makhleb
Okawaru
Qazlal
Sif Muna
Trog
Uskayaw
Vehumet
Yredelemnul
Zin
The Shining One

Shops:
D:7 %

Annotations:
D:10 Snorg


Innate Abilities, Weirdness & Mutations

You reflexively headbutt those who attack you in melee.
You have a pair of horns on your head.


Message History

Press: ? - help, v - describe, . - travel
Here: Snorg (thunder, heavily wounded)
The floor.
Snorg is engulfed in blazing flames.
Snorg is engulfed in blazing flames.
Evoke which item? (* to show all) (? for menu, Esc to quit)
Aiming: Iceblast
Press: ? - help, Shift-Dir - straight line, f/p - Snorg
Aim: Snorg (severely wounded)
The mass of ice explodes!
The iceblast engulfs Snorg.
Snorg is severely wounded.
This wand has 5 charges left.
Snorg goes berserk!
Snorg rages.
Snorg is engulfed in blazing flames.
Snorg bites you!!
* * * LOW HITPOINT WARNING * * *
You block Snorg's attack. x2
Snorg is engulfed in blazing flames.
You block Snorg's attack. Snorg claws you!
You die...

..####†##.#......................
.......)..#...................(..
..T.......#......................
..........#..........[...........
..........#......................
#..###.##.#....§.§...............
#.. #.##.###.§..###.##......####
.. ...+.. #..§T#....#......#... .
.... <..#.§.@#....#......'... #..
..#.........#......#...
#....####.#......#...
#...........<....#...
#................####
#...............##...
#...............#....
#####...........'....
#######.....#....


You could see Snorg (berserk).

Vanquished Creatures
  4 two-headed ogres
  An unseen horror (D:10)
  A centaur zombie (D:10)
  A gargoyle (D:10)
  A wraith (D:10)
  A spriggan (D:7)
  6 yaks (D:10)
  A hungry ghost (D:8)
  A water moccasin (D:9)
  An orc warrior (D:10)
  A black bear (D:10)
  6 ice beasts
  A sky beast (D:8)
  4 ogres
  A necrophage (D:10)
  6 centaurs
  A bullfrog (D:10)
  2 big kobolds
  A gnoll sergeant (D:8)
  6 killer bees (D:10)
  2 scorpions (D:5)
  10 wights
  5 howler monkeys
  5 crimson imps
  A bullfrog zombie (D:8)
  5 jellies
  5 orc wizards
  2 quasits
  3 orc priests
  3 bullfrog skeletons
  2 iguanas
  3 worker ants
  2 howler monkey skeletons
  8 gnolls
  6 adders
  A shadow imp (D:5)
  3 adder skeletons
  An adder zombie (D:7)
  4 worms
  A dart slug (D:5)
  5 leopard geckos
  27 orcs
  11 bats
  5 giant cockroaches
  7 goblins
  5 hobgoblins
  8 jackals
  3 quokkas
  4 frilled lizards
  A goblin skeleton (D:9)
  A hobgoblin zombie (D:9)
  16 kobolds
  A kobold zombie (D:9)
  2 orc skeletons (D:9)
  4 orc zombies (D:9)
  A quokka zombie (D:9)
  10 rats
230 creatures vanquished.

Notes
Turn   | Place    | Note
-------+----------+-------------------------------------------
     0 | D:1      | zenkai the Minotaur Monk began the quest for the Orb.
     0 | D:1      | Reached XP level 1. HP: 19/19 MP: 0/0
   291 | D:1      | Reached XP level 2. HP: 27/27 MP: 1/1
   410 | D:1      | Reached skill level 4 in Axes
   911 | D:2      | Reached XP level 3. HP: 28/33 MP: 2/2
   949 | D:2      | Found a deep blue altar of Sif Muna.
   949 | D:2      | Found a glowing silver altar of Zin.
   951 | D:2      | Found a hazy altar of Hepliaklqana.
  1142 | D:2      | Reached XP level 4. HP: 40/40 MP: 3/3
  1290 | D:2      | Found a bloodstained altar of Trog.
  1832 | D:3      | Reached skill level 5 in Axes
  1846 | D:3      | Reached XP level 5. HP: 33/46 MP: 4/4
  2373 | D:4      | Found a staircase to the Ecumenical Temple.
  2379 | Temple   | Entered the Ecumenical Temple
  2452 | Temple   | Became a worshipper of Qazlal Stormbringer
  2452 | Temple   | Reached * piety under Qazlal
  2452 | Temple   | Reached ** piety under Qazlal
  2718 | D:4      | Reached skill level 6 in Axes
  2718 | D:4      | Reached XP level 6. HP: 9/53 MP: 5/5
  3090 | D:4      | Reached skill level 1 in Shields
  3237 | D:5      | Entered Level 5 of the Dungeon
  3496 | D:5      | Found an iron altar of Okawaru.
  3735 | D:5      | Reached skill level 5 in Fighting
  3765 | D:5      | Reached XP level 7. HP: 51/61 MP: 6/6
  3788 | D:5      | Reached skill level 7 in Axes
  3788 | D:5      | Reached skill level 5 in Dodging
  4940 | D:6      | Reached skill level 8 in Axes
  4940 | D:6      | Reached XP level 8. HP: 47/70 MP: 7/7
  5581 | D:7      | Found Feduuhah's Food Emporium.
  5845 | D:7      | Reached *** piety under Qazlal
  5845 | D:7      | Reached skill level 9 in Axes
  5940 | D:8      | Reached skill level 5 in Shields
  5944 | D:8      | Reached XP level 9. HP: 32/78 MP: 8/8
  6452 | D:8      | Reached skill level 10 in Axes
  6809 | D:9      | Noticed a two-headed ogre
  6821 | D:9      | Killed a two-headed ogre
  6886 | D:9      | Found a glowing golden altar of the Shining One.
  6892 | D:9      | Reached **** piety under Qazlal
  7051 | D:9      | Noticed a two-headed ogre
  7070 | D:9      | Reached skill level 11 in Axes
  7071 | D:9      | Killed a two-headed ogre
  7071 | D:9      | Reached XP level 10. HP: 49/88 MP: 9/9
  7588 | D:10     | Entered Level 10 of the Dungeon
  7620 | D:10     | Noticed a two-headed ogre
  7632 | D:10     | Killed a two-headed ogre
  7632 | D:10     | Reached skill level 1 in Throwing
  7719 | D:10     | Reached skill level 12 in Axes
  7847 | D:10     | Noticed a gargoyle
  7863 | D:10     | Killed a gargoyle
  8241 | D:10     | Killed an unseen horror
  8243 | D:10     | Reached XP level 11. HP: 60/95 MP: 10/10
  8269 | D:10     | Noticed a two-headed ogre
  8278 | D:10     | Noticed Snorg
  8279 | D:10     | Reached ***** piety under Qazlal
  8280 | D:10     | Reached skill level 13 in Axes
  8286 | D:10     | Killed a two-headed ogre
  8392 | D:10     | HP: 4/95 [Snorg (25)]
  8394 | D:10     | Mangled by Snorg

Skill      XL: |  1  2  3  4  5  6  7  8  9 10 11 |
---------------+----------------------------------+-----
Axes           | 4 5 6 8 9 11 12 13 | 13.2
Fighting       | 4 5 6 7 8 |  8.9
Stealth        | 2 3 4 |  4.0
Dodging        | 4 5 6 8 9 |  9.1
Shields        | 1 3 5 7 9 |  9.4
Throwing       | 1 |  1.3

Action                   |  1- 3 |  4- 6 |  7- 9 | 10-12 || total
-------------------------+-------+-------+-------+-------++-------
Melee: Hand axe          |    70 |   214 |   138 |       ||   422
       Headbutt          |     9 |    38 |    70 |    29 ||   146
       War axe           |       |       |   180 |   147 ||   327
 Fire: Hunting sling     |     4 |       |       |       ||     4
       Blowgun           |       |       |     2 |       ||     2
Evoke: Wand              |       |       |     1 |     1 ||     2
  Use: Scroll            |       |     7 |     6 |     2 ||    15
       Potion            |       |       |     3 |     2 ||     5
 Stab: Sleeping          |     5 |     1 |       |       ||     6
       Paralysed         |       |       |     4 |       ||     4
  Eat: Chunk             |       |     9 |     8 |       ||    17
       Bread ration      |       |       |     1 |     1 ||     2
Armor: Robe              |     9 |    28 |    40 |    20 ||    97
Dodge: Dodged            |    42 |    83 |   126 |    50 ||   301
       Deflected         |       |       |       |     1 ||     1
Block: Shield            |    17 |    63 |   209 |   129 ||   418
